 Dungeon Crawl Stone Soup version 0.26-a0-812-g31a745ddcd (webtiles) character file.

Game seed: 12360931670607734838

58 RaHiT the Sneak (level 4, 0/31 HPs)
             Began as an Octopode Delver on Nov 14, 2020.
             Succumbed to an adder's poison
             ... in a sewer.
             The game lasted 00:03:46 (437 turns).

RaHiT the Sneak (Octopode Delver)                    Turns: 437, Time: 00:03:47

Health: 0/31       AC:  1    Str: 11    XL:     4   Next: 2%
Magic:  4/4        EV: 10    Int: 13    God:
Gold:   6          SH:  0    Dex: 13    Spells: 2/3 levels left

rFire    + . .     SeeInvis .     - Unarmed
rCold    + . .     Faith    .   (no shield)
rNeg     . . .     Spirit   .   (helmet restricted)
rPois    +         Reflect  .   (no amulet)
rElec    +         Harm     .   (no ring)
rCorr    +         Rampage  .   (no ring)
MR       .....                  (no ring)
Stlth    +++++.....             (no ring)
HPRegen  0.10/turn              (no ring)
MPRegen  0.09/turn              (no ring)
                                (no ring)
                                (no ring)

@: lethally poisoned (0 -> -6), resistant, constricted
A: almost no armour, stealthy swim, amphibious, 8 rings, constrict 8, camouflage
1, gelatinous body 1
a: no special abilities


You were in a sewer.
You visited 1 branch of the dungeon, and saw 3 of its levels.
You also visited: Sewer.

You collected 6 gold pieces.

Inventory:

Wands
 e - a wand of digging (1)
Scrolls
 a - 2 scrolls of fog
 b - a scroll of noise {unknown}
 f - a scroll of enchant weapon {unknown}


   Skills:
 - Level 3.0 Fighting
 - Level 2.0 Dodging
 - Level 7.0 Stealth
 + Level 3.9 Unarmed Combat


You had 2 spell levels left.
You knew the following spells:

 Your Spells              Type           Power        Failure   Level
a - Beastly Appendage     Tmut           #.....       30%         1

Your spell library contained the following spells:

 Spells                   Type           Power        Failure   Level
 Wereblood                Tmut           #.......     43%         2
 Spider Form              Tmut/Pois      #.........   67%         3
 Ice Form                 Ice/Tmut       #.......     97%         4
 Blade Hands              Tmut           #.........   100%        5


Dungeon Overview and Level Annotations

Branches:
Dungeon (5/15)              Sewer (1/1)
 Temple: D:4-7

Altars:

Annotations:
D:5 Edmund


Innate Abilities, Weirdness & Mutations

You cannot wear most types of armour.
You are very stealthy in the water. (Stealth+)
You are amphibious.
You can wear up to eight rings at the same time.
You can use your tentacles to constrict eight enemies at once.
Your skin changes colour to match your surroundings (Stealth+).
Your rubbery body absorbs attacks. (AC +1, EV +1)


Message History

You feel protected. The ball python bites you.
* * * LOW HITPOINT WARNING * * *
The ball python constricts you.
You barely miss the ball python. Your grab misses the ball python.
* * * LOW HITPOINT WARNING * * *
You feel sick. The ball python closely misses you.
* * * LOW HITPOINT WARNING * * *
The ball python constricts you.
You barely miss the ball python. Your grab misses the ball python.
You tentacle-slap the ball python.
The ball python is heavily wounded.
The ball python bites you.
* * * LOW HITPOINT WARNING * * *
x2 The ball python constricts you.
Unknown command.
As you read the scroll of fear, it crumbles to dust.
You assume a fearsome visage.
The rat looks frightened! x2
The ball python looks frightened!
You die...

#≈≈≈≈≈≈#
#≈≈≈≈≈≈#
#≈≈#≈≈≈#
#≈≈≈≈.≈#
#≈≈≈≈≈≈#
#≈.≈#≈≈#
#≈≈≈≈≈≈#
#≈≈≈≈≈≈#
#≈≈≈r≈@#
#≈≈≈≈S≈#
#≈≈≈≈≈≈#
##≈≈..r#
#...†..#
#......##
#.......#
........##
.....####


You could see a ball python (fleeing) and 2 rats.

Vanquished Creatures
  An orc priest (D:3)
  An adder (Sewer)
  A river rat (Sewer)
  4 orcs (D:3)
  A giant cockroach (D:3)
  3 rats (Sewer)
11 creatures vanquished.

Vanquished Creatures (others)
  A plant (D:5)
1 creature vanquished.

Grand Total: 12 creatures vanquished

Notes
Turn   | Place    | Note
-------+----------+-------------------------------------------
     0 | D:5      | RaHiT the Octopode Delver began the quest for the Orb.
     0 | D:5      | Reached XP level 1. HP: 16/16 MP: 1/1
    67 | D:5      | Noticed Edmund
   136 | D:3      | Noticed an orc priest
   142 | D:3      | Killed an orc priest
   142 | D:3      | Reached skill level 7 in Stealth
   142 | D:3      | Reached XP level 2. HP: 21/21 MP: 2/2
   142 | D:3      | Reached XP level 3. HP: 26/26 MP: 3/3
   165 | D:3      | Learned a level 1 spell: Beastly Appendage
   388 | D:3      | Found a glowing drain.
   392 | Sewer    | Entered a sewer
   433 | Sewer    | Reached XP level 4. HP: 10/31 MP: 4/4
   436 | Sewer    | HP: 1/31 [ball python (1)]
   437 | Sewer    | Succumbed to an adder's poison

Illustrated notes

Levels and vault maps discovered:
D:3:      layout_loops_cross, lemuel_crystal_altar, gup_sewer_entry_spiral
D:4:      layout_loops_cross, overflow_temple_1_default,
          minmay_temple_entry_statues, minmay_between
D:5:      layout_loops_ring, gammafunk_temple_overflow_pools,
          serial_bayou_pond_b, nrook_mini_vaults, dk_noncrumbling_2, uniq_edmund
Sewer:    sewer_minmay_w

Skill      XL: |  1 |
---------------+----+-----
Stealth        | 7 |  7.0
Unarmed Combat | 3 |  3.9
Fighting       | |  3.0
Dodging        | |  2.0

Action                   |  1- 3 |  4- 6 || total
-------------------------+-------+-------++-------
Melee: Unarmed           |    35 |     2 ||    37
       Constrict         |     8 |       ||     8
       Tentacles         |     4 |       ||     4
       Punch             |       |     1 ||     1
Evoke: Wand              |     2 |       ||     2
  Use: Scroll            |     1 |     1 ||     2
       Potion            |     1 |     1 ||     2
 Stab: Sleeping          |     2 |       ||     2
Armor: Skin              |     2 |       ||     2
Dodge: Dodged            |    20 |     3 ||    23

Table legend: (Time is in decaauts)
 A = Elapsed time spent in this place.
 B = Non-inter-level travel time spent in this place.
 C = Inter-level travel time spent in this place.
 D = Time resting spent in this place.
 E = Time spent auto-exploring this place.
 F = Levels seen in this place.
 G = Mean time per level.
                   A        B        C        D        E       F      G
               +--------+--------+--------+--------+--------+-----+--------+
         Total |    418 |    418 |      0 |    199 |      0 |   4 |  104.5 |
       Dungeon |    374 |    374 |      0 |    199 |      0 |   3 |  124.7 |
         Sewer |     43 |     43 |      0 |      0 |      0 |   1 |   43.0 |
               +--------+--------+--------+--------+--------+-----+--------+

Top non-repeatable levels by time:
     D:3: 266 daAuts
     D:5: 90 daAuts
   Sewer: 43 daAuts
     D:4: 18 daAuts
